 Dungeon Crawl Stone Soup version 0.31.0-11-ge490571c62 (webtiles) character file.

Game seed: 16746120116450170808

95368 croobank the Summoner (level 15, -24/80 HPs)
             Began as a Felid Summoner on Feb 4, 2024.
             Was the Champion of Kikubaaqudgha.
             Annihilated by Norris
             ... wielding a +1 demon trident of electrocution
              (38 damage)
             ... on level 1 of the Elven Halls.
             The game lasted 02:03:42 (35083 turns).

croobank the Summoner (Felid Summoner)             Turns: 35083, Time: 02:03:42

Health: -24/80     AC:  3    Str:  4    XL:     15   Next: 66%
Magic:  0/40       EV: 26    Int: 27    God:    Kikubaaqudgha [******]
Gold:   854        SH:  0    Dex: 22    Spells: 1/37 levels left
                                        Lives:  0   Deaths: 5

rFire   . . .        (weapon unavailable)
rCold   + . .        (shield unavailable)
rNeg    . . .        (body armour unavailable)
rPois   .            (helmet unavailable)
rElec   .            (cloak unavailable)
rCorr   .            (gloves unavailable)
SInv    +            (boots unavailable)
Will    +....        L - amulet of guardian spirit
Stlth   +++++        f - +6 ring of dexterity
HPRegen 0.33/turn    M - ring of magical power
MPRegen 0.27/turn

%: guardian spirit
@: weak-willed
A: very small, claws 1, fangs 3, see invisible, shaggy fur 3, stealthy paws, no
weapons or thrown items, no armour, multi-lived
a: Renounce Religion, Unearth Wretches, Torment


You were on level 1 of the Elven Halls.
You worshipped Kikubaaqudgha.
Kikubaaqudgha was exalted by your worship.
You visited 6 branches of the dungeon, and saw 25 of its levels.
You also visited: Gauntlet.

You collected 2595 gold pieces.
You spent 1741 gold pieces at shops.

Inventory:

Jewellery
 e - a +6 ring of strength
 f - a +6 ring of dexterity (left paw)
 j - a +6 ring of dexterity
 l - the ring of Cifif {rN+ Str+6}
   (You found it on level 5 of the Lair of Beasts)

   [ring of positive energy]

   Str+6:     It affects your strength (+6).
   rN+:       It protects you from negative energy.
 n - a +4 ring of protection
 t - a ring of positive energy
 F - a ring of positive energy
 I - a +5 ring of evasion
 L - an amulet of guardian spirit (around neck)
 M - a ring of magical power (right paw)
Talismans
 m - a serpent talisman
Wands
 h - a wand of paralysis (37)
 u - a wand of polymorph (16)
 v - a wand of light (8)
 w - a wand of flame (26)
 y - a wand of iceblast (14)
Scrolls
 a - 2 scrolls of revelation
 g - a scroll of silence
 i - 4 scrolls of noise
 o - 5 scrolls of immolation
 p - 4 scrolls of teleportation
 q - 2 scrolls of vulnerability
 r - 4 scrolls of fear
 s - 3 scrolls of torment
 A - a scroll of poison
 E - 8 scrolls of identify
Potions
 b - 6 potions of lignification
 d - 3 potions of attraction
 k - a potion of ambrosia
 z - a potion of mutation
 B - a potion of cancellation
 C - a potion of berserk rage
 D - 2 potions of enlightenment
 K - 3 potions of might
Miscellaneous
 x - a phantom mirror (inert)


   Skills:
 - Level 10.0 Fighting
 - Level 10.0 Dodging
 - Level 10.0 Stealth
 + Level 11.5 Spellcasting
 - Level 5.0 Hexes
 * Level 14.8 Summonings
 - Level 10.2 Necromancy
 * Level 12.7 Translocations
 - Level 5.0 Fire Magic
 - Level 7.0 Air Magic


You had one spell level left.
You knew the following spells:

 Your Spells              Type           Power      Damage    Failure   Level
a - Summon Small Mammal   Summ           100%       N/A       0%          1
b - Call Imp              Summ           100%       N/A       0%          2
c - Call Canine Familiar  Summ           77%        N/A       1%          3
d - Summon Blazeheart Go  Fire/Summ      62%        N/A       1%          4
e - Summon Lightning Spi  Summ/Air       65%        N/A       1%          4
f - Summon Mana Viper     Hex/Summ       62%        N/A       1%          5
g - Summon Forest         Summ/Tloc      37%        N/A       1%          5
h - Summon Cactus Giant   Summ           38%        N/A       1%          6
B - Blink                 Tloc           100%       N/A       1%          2
N - Anguish               Hex/Necr       27%        N/A       1%          4

Your spell library contained the following spells:

 Spells                   Type           Power      Damage    Failure   Level
 Apportation              Tloc           100%       N/A       1%          1
 Cigotuvi's Dreadful Rot  Necr/Alch/Air  92%        N/A       1%          2
 Jinxbite                 Hex            84%        N/A       1%          2
 Lesser Beckoning         Tloc           100%       N/A       1%          2
 Mercury Vapours          Alch/Air       68%        N/A       1%          2
 Momentum Strike          Conj/Tloc      100%       3d10      1%          2
 Scorch                   Fire           84%        2d8       1%          2
 Sublimation of Blood     Necr           63%        N/A       1%          2
 Fugue of the Fallen      Necr           63%        N/A       1%          3
 Inner Flame              Hex/Fire       42%        N/A       1%          3
 Vampiric Draining        Necr           63%        2d10      1%          3
 Martyr's Knell           Necr/Summ      70%        N/A       1%          4
 Curse of Agony           Necr           63%        N/A       1%          5
 Death Channel            Necr           31%        N/A       9%          6
 Ozocubu's Armour         Ice            15%        N/A       11%         3
 Malign Gateway           Summ/Tloc      37%        N/A       11%         7
 Flame Wave               Conj/Fire      29%        2d9       13%         4
 Ignite Poison            Fire/Alch      29%        N/A       13%         4
 Sticky Flame             Fire/Alch      29%        2d7       13%         4
 Haunt                    Necr/Summ      35%        N/A       19%         7
 Metabolic Englaciation   Hex/Ice        14%        N/A       36%         5
 Summon Horrible Things   Summ           38%        N/A       47%         8
 Alistair's Intoxication  Alch           10%        N/A       71%         5
 Irradiate                Conj/Alch      7%         3d14      71%         5
 Borgnjor's Revivificati  Necr           31%        N/A       98%         8
 Infestation              Necr           31%        N/A       98%         8
 Sculpt Simulacrum        Ice/Alch       7%         N/A       99%         6
 Ignition                 Fire           21%        3d8       100%        8
 Death's Door             Necr           31%        N/A       100%        9
 Animate Armour           Summ/Erth      Unusable   N/A       N/A         4

Dungeon Overview and Level Annotations

Branches:
Dungeon (15/15)            Temple (1/1) D:6            Lair (5/5) D:10
  Swamp (0/4) Lair:2        Snake (1/4) Lair:3        Slime (0/5) Lair:5
    Orc (2/2) D:10            Elf (1/3) Orc:2        Vaults (0/5) D:13
 Depths (0/4) D:15        Gauntlet (visited)

Altars:
Ashenzari
Cheibriados
Dithmenos
Elyvilon
Fedhas
Gozag
Hepliaklqana
Kikubaaqudgha
Makhleb
Nemelex Xobeh
Okawaru
Qazlal
Ru
Sif Muna
Trog
Uskayaw
Vehumet
Wu Jian
Xom
Yredelemnul
Zin
The Shining One
Jiyva

Shops:
D:6 :   D:9 !   D:10 ([   D:11 (   Orc:2 ![::

Portals:
Trove: D:11 (show slimy rune of Zot)

Annotations:
Elf:1 1 runed translucent door, Norris


Innate Abilities, Weirdness & Mutations

You have sharp claws.
You have razor-sharp teeth.
You have supernaturally acute eyesight. (SInv)
Your thick and shaggy fur keeps you warm. (AC +3, rC+)
Your paws help you pounce on unaware monsters.
You are incapable of wielding weapons or throwing items.
You cannot wear armour.
You gain extra lives every three experience levels.


Message History

Blink to where?
Press: ? - help, Dir - move target Splash!
As you read the scroll of blinking, it crumbles to dust.
The +6 mace of holy wrath is struck by your cactus giant's spines.
The +6 mace of holy wrath hits your cactus giant!
Your cactus giant hits the +6 mace of holy wrath with a +0 giant spiked club!!
The +6 mace of holy wrath falls from the air.
Kikubaaqudgha accepts your kill.
You hear a splash.
Norris the Philosopher comes into view.
He is wielding a +1 demon trident of electrocution.
Norris's watery aura covers the open door.
As you read the scroll of vulnerability, it crumbles to dust.
A wave of despondency washes over your surroundings.
Casting: Summon Mana Viper (dangerous; 1% risk of failure)
Confirm with . or Enter, or press ? or * to list all spells.
You don't have enough magic to cast this spell.
Norris is struck by your cactus giant's spines.
Norris hits your cactus giant with a +1 demon trident of electrocution.
Okay, then.
Your cactus giant hits Norris with a +0 giant spiked club!
What are your orders? t - Meow!
Orders for allies: a - Attack new target. r - Retreat! s - Stop attacking. g - Guard the area. f - Follow me.
Anything else - Cancel.
Gang up on whom?
Press: ? - help, Dir - move target, f - Norris
Aim: Norris, wielding a +1 demon trident of electrocution (water, moderately wounded, weak-willed, ally target)
Okay, then.
Aiming: Phantom Mirror
Press: ? - help, Dir - move target, f - Norris
Aim: Norris, wielding a +1 demon trident of electrocution (water, moderately wounded, weak-willed, ally target)
You reflect Norris with the mirror!
The mirror clouds!
Your mana viper splashes around in the water.
Norris hits you from afar with a +1 demon trident of electrocution!!!
You die...
Norris says, "I'll see you on the other side, friend."
Kikubaaqudgha rasps: "You have failed me!
Welcome... death!"

+...'.......#
#####.......#
#...)...+
#...)...# +#
#.......+ #.#
###...### #.#
##.†#
#.#######.#
#....@....#
#~≈~@S~~~~#
#≈≈≈C@≈≈≈≈#
#8≈≈≈≈≈≈≈8#
#####E#####
~○Ee○ .~~~..°
..#####° ..
..


You could see Norris (weak-willed, ally target), a deep elf archer (repels
missiles), 2 fire elementals, the friendly Norris (summoned, weak-willed,
drained), a friendly mana viper (summoned, weak-willed) and a friendly cactus
giant (summoned, weak-willed).

Vanquished Creatures
  A dire elephant (Lair:5)
  A vault guard (D:13)
  2 hydras
  3 catoblepae
  2 two-headed ogres
  4 boulder beetles
  A deep troll shaman (Lair:5)
  7 death yaks (Lair:5)
  An orc high priest (Orc:2)
  2 skeletal warriors
  Lodul (D:12)
  The ghost of LobsterGuardian the Spear-Bearer, a novice MfGl of Yredelemnul (D:7)
  7 ugly things
  An orc knight (Orc:1)
  An orc sorcerer (Orc:2)
  3 cyclopes
  An elephant (Lair:5)
  A black mamba (Lair:5)
  6 cane toads
  4 komodo dragons
  6 trolls
  A polar bear (Lair:5)
  4 blink frogs
  A shadow (D:11)
  A wraith (D:13)
  7 slime creatures
  2 wyverns
  A warg (Orc:2)
  35 yaks
  2 basilisks
  3 fire elementals (D:12)
  2 vampire mosquitoes (D:11)
  Duvessa (D:7)
  5 water moccasins
  2 acid dragons
  5 orc warriors
  An ice beast (D:6)
  A black bear (D:6)
  6 centaurs
  7 ogres
  3 wolves
  A kobold brigand (D:7)
  4 bullfrogs
  3 electric eels
  A nameless horror (D:10)
  A jelly (Lair:4)
  2 orc priests
  A hound (D:5)
  An iguana (D:10)
  10 orc wizards
  A scorpion zombie (D:4)
  A hound zombie (D:4)
  2 gnolls (D:5)
  An adder (D:3)
  2 white imps (D:13)
  An adder skeleton (D:4)
  15 orcs
  4 bats
  4 endoplasms
  2 giant cockroaches
  A goblin (D:1)
  2 hobgoblins
  3 kobolds
  3 quokkas
  2 ball pythons
214 creatures vanquished.

Vanquished Creatures (collateral kills)
  Kirke (D:14)
  A fire giant (D:15)
  A deep elf sorcerer (Elf:1)
  Louise (D:14)
  Nessos (D:12)
  Azrael (D:12)
  A deep elf annihilator (Elf:1)
  A hydra (D:14)
  2 vault guards (D:13)
  An anaconda (Snake:1)
  A centaur warrior (D:14)
  A tengu warrior (D:14)
  6 dancing weapons (Elf:1)
  2 death yaks (Lair:5)
  A skeletal warrior (D:12)
  A glowing orange brain (shapeshifter) (Elf:1)
  A bog body (Lair:2)
  A lindwurm (Lair:5)
  7 deep elf pyromancers
  2 ugly things (D:14)
  2 deep elf zephyrmancers (Elf:1)
  2 manticores (D:13)
  An oklob plant (Lair:3)
  5 orc sorcerers (Orc:2)
  An orc knight (Orc:2)
  A cyclops (D:15)
  7 elephants
  A black mamba (Lair:4)
  4 cane toads
  2 tengu conjurers
  A kobold demonologist (D:13)
  2 rime drakes
  2 trolls
  3 polar bears
  2 hornets
  5 blink frogs
  4 dream sheep (Lair:5)
  A shadow (D:13)
  A water elemental (Elf:1)
  Sigmund (D:4)
  A slime creature (D:14)
  A wraith (D:11)
  17 yaks
  3 wyverns
  2 steam dragons (D:8)
  2 basilisks
  A vampire mosquito (D:11)
  An acid dragon (D:11)
  4 nagas
  2 swamp worms (Lair:2)
  11 water moccasins
  An ice beast (shapeshifter) (D:15)
  Pargi (D:3)
  13 orc warriors
  2 black bears
  3 centaurs
  A sky beast (D:6)
  8 ogres
  7 wolves
  4 boggarts (Lair:3)
  2 phantoms
  A kobold brigand (D:8)
  11 bullfrogs
  A gnoll sergeant (D:11)
  2 scorpions
  Dowan (D:7)
  A killer bee (D:10)
  A nameless horror (Lair:1)
  9 howler monkeys
  A centaur zombie (D:4)
  2 hounds
  3 jellies
  9 orc priests
  A bombardier beetle (D:3)
  Natasha (twice) (D:2)
  3 iguanas
  23 orc wizards
  A hound zombie (D:4)
  Robin (D:3)
  7 adders
  7 gnolls
  11 white imps
  An adder zombie (D:4)
  A ribbon worm (D:9)
  54 orcs
  4 bats
  7 endoplasms
  A giant cockroach (D:4)
  7 hobgoblins
  5 jackals
  3 quokkas
  6 ball pythons
  A frilled lizard (D:3)
  16 goblins
  13 kobolds
  6 rats (D:1)
392 creatures vanquished.

Vanquished Creatures (others)
  Asterion (Elf:1)
  A vault guard (D:12)
  Erolcha (Orc:2)
  3 centaur warriors
  A naga warrior (Snake:1)
  A skyshark (Elf:1)
  An orc knight (Orc:1)
  3 orc sorcerers (Orc:2)
  A deep elf zephyrmancer (Elf:1)
  A deep elf pyromancer (D:12)
  2 manticores
  2 ugly things (D:14)
  A moth of wrath (D:7)
  A cyclops (Orc:2)
  A gargoyle (D:12)
  A naga mage (Snake:1)
  2 trolls (Orc:1)
  An air elemental (Elf:1)
  A vampire (D:13)
  A water elemental (Elf:1)
  2 hogs (D:14)
  A yak (D:12)
  4 humans (D:14)
  A warg (Orc:1)
  3 hell hounds (D:12)
  5 orc warriors
  7 ogres
  3 orc wizards (Orc:2)
  3 orcs
  136 blazeheart cores
192 creatures vanquished.

Grand Total: 798 creatures vanquished

Notes
Turn   | Place    | Note
-------+----------+-------------------------------------------
     0 | D:1      | croobank the Felid Summoner began the quest for the Orb.
     0 | D:1      | Reached XP level 1. HP: 9/9 MP: 4/4
   144 | D:1      | Reached XP level 2. HP: 13/13 MP: 1/6
   147 | D:1      | Learned a level 2 spell: Call Imp
   544 | D:1      | Reached XP level 3. HP: 16/16 MP: 2/7
   548 | D:1      | Learned a level 3 spell: Call Canine Familiar
  1089 | D:2      | Noticed Natasha
  1457 | D:2      | Killed Natasha
  1458 | D:2      | Reached skill level 1 in Fighting
  1458 | D:2      | Reached XP level 4. HP: 13/22 MP: 0/9
  1458 | D:2      | Gained a life (2 lives remaining)
  1591 | D:2      | Noticed Natasha
  1600 | D:2      | Killed Natasha
  2035 | D:3      | Reached XP level 5. HP: 16/25 MP: 2/10
  2278 | D:3      | Noticed Robin
  2317 | D:3      | Killed Robin
  2380 | D:3      | Noticed Pargi
  2395 | D:3      | Killed Pargi
  2396 | D:3      | Gained mutation: You are covered in thick fur. (AC +2)
                  | [Felid growth]
  2396 | D:3      | Reached XP level 6. HP: 30/30 MP: 0/11
  2401 | D:3      | Learned a level 4 spell: Summon Blazeheart Golem
  2631 | D:3      | Identified a scroll of acquirement
  2631 | D:3      | Acquired a +6 ring of strength
  2695 | D:3      | Found a hide-covered altar of Uskayaw.
  2719 | D:3      | Reached skill level 5 in Stealth
  2772 | D:3      | Reached skill level 1 in Fire Magic
  2933 | D:4      | Reached skill level 5 in Summonings
  2947 | D:4      | Reached skill level 5 in Dodging
  3082 | D:4      | Found a bloodstained altar of Trog.
  3082 | D:4      | Found a radiant altar of Vehumet.
  3082 | D:4      | Found a blossoming altar of Fedhas.
  3140 | D:4      | Reached XP level 7. HP: 35/35 MP: 8/13
  3301 | D:4      | Noticed Sigmund
  3314 | D:4      | Killed Sigmund
  3840 | D:5      | Entered Level 5 of the Dungeon
  4136 | D:5      | Reached XP level 8. HP: 40/40 MP: 9/14
  4317 | D:5      | Found a broken altar of Ashenzari.
  4350 | D:5      | Found a stormy altar of Qazlal.
  4353 | D:5      | Noticed an air elemental
  4902 | D:6      | Found a staircase to the Ecumenical Temple.
  4933 | Temple   | Entered the Ecumenical Temple
  4947 | Temple   | Became a worshipper of Kikubaaqudgha
  4963 | D:6      | Learned a level 4 spell: Summon Lightning Spire
  5003 | D:6      | Reached skill level 1 in Air Magic
  5085 | D:6      | Found a basalt altar of Yredelemnul.
  5532 | D:6      | Reached skill level 6 in Summonings
  5562 | D:6      | Found Qiux's Book Shop.
  5804 | D:7      | Noticed a cyclops
  5826 | D:7      | Killed a cyclops
  5827 | D:7      | Reached XP level 9. HP: 25/46 MP: 12/16
  6044 | D:7      | Found a shimmering altar of Xom.
  6374 | D:7      | Found a transporter.
  6379 | D:7      | Found a bloodstained altar of Trog.
  6380 | D:7      | Found a transporter.
  6380 | D:7      | Noticed LobsterGuardian's ghost (novice MfGl)
  6403 | D:7      | Noticed Dowan
  6404 | D:7      | Noticed Duvessa
  6415 | D:7      | Killed Duvessa
  6421 | D:7      | Killed Dowan
  6837 | D:7      | Found a sacrificial altar of Ru.
  6854 | D:7      | Noticed a troll
  6869 | D:7      | Noticed a moth of wrath
  7011 | D:8      | Reached * piety under Kikubaaqudgha
  7011 | D:8      | Received a gift from Kikubaaqudgha
  7012 | D:8      | Reached skill level 5 in Fire Magic
  7012 | D:7      | Succumbed to a kobold brigand's curare-tipped dart
  7012 | D:7      | Lost a life (1 life remaining)
  7263 | D:8      | Reached skill level 5 in Spellcasting
  7355 | D:8      | Learned a level 2 spell: Blink
  7394 | D:8      | Noticed a two-headed ogre
  7417 | D:8      | Killed a two-headed ogre
  7418 | D:8      | Reached skill level 5 in Fighting
  7418 | D:8      | Reached skill level 1 in Translocations
  7658 | D:8      | Reached XP level 10. HP: 37/51 MP: 15/18
  7658 | D:8      | Gained a life (2 lives remaining)
  8062 | D:9      | Found a hazy altar of Hepliaklqana.
  8089 | D:9      | Found a snail-covered altar of Cheibriados.
  8354 | D:9      | Found Fyistrori's Distillery.
  8362 | D:9      | Bought a potion of might for 52 gold pieces
  8362 | D:9      | Bought a potion of curing for 39 gold pieces
  8362 | D:9      | Bought a potion of berserk rage for 65 gold pieces
  8362 | D:9      | Bought a potion of enlightenment for 65 gold pieces
  8367 | D:9      | Found a glowing silver altar of Zin.
  8370 | D:9      | Found a glowing golden altar of the Shining One.
  8732 | D:10     | Entered Level 10 of the Dungeon
  8764 | D:10     | Noticed a two-headed ogre
  8772 | D:10     | Reached skill level 7 in Summonings
  8772 | D:10     | Reached skill level 5 in Air Magic
  8774 | D:10     | Killed a two-headed ogre
  8791 | D:10     | Reached ** piety under Kikubaaqudgha
  9903 | D:10     | Reached XP level 11. HP: 56/56 MP: 13/21
  9979 | D:10     | Found Wail's Armour Shoppe.
  9981 | D:10     | Found a staircase to the Orcish Mines.
  9983 | D:10     | Found Ylanoe Petu's Weapon Shoppe.
 10240 | D:10     | Found a staircase to the Lair.
 10343 | D:11     | Found Mettem's Weapon Shoppe.
 10709 | D:11     | Found a portal to a secret trove of treasure.
 10744 | D:11     | Reached skill level 10 in Stealth
 10801 | D:11     | Found a gate leading to a gauntlet.
 10806 | Gauntlet | Entered a Gauntlet
 10806 | Gauntlet | Noticed an arcanist
 10806 | Gauntlet | Noticed a soul eater
 10806 | Gauntlet | Found a transporter.
 10806 | Gauntlet | Found a transporter.
 10815 | Gauntlet | Found a transporter.
 10821 | Gauntlet | Noticed a sixfirhy
 10826 | Gauntlet | Found a transporter.
 10840 | Gauntlet | Found a transporter.
 10850 | Gauntlet | Found a transporter.
 10865 | Gauntlet | Found a transporter.
 10871 | Gauntlet | Found a transporter.
 10872 | Gauntlet | Noticed a large abomination
 10884 | Gauntlet | Noticed a wolf spider
 10889 | Gauntlet | Found a transporter.
 10889 | Gauntlet | Found a transporter.
 10889 | Gauntlet | Noticed an entropy weaver
 10892 | Gauntlet | Found a transporter.
 10892 | Gauntlet | Found a transporter.
 10905 | Gauntlet | Noticed an occultist
 11134 | D:11     | Reached skill level 8 in Summonings
 11546 | D:12     | Noticed Nessos
 11553 | D:12     | Shot with an arrow by Nessos
 11553 | D:12     | Lost a life (1 life remaining)
 11653 | Lair:1   | Entered Level 1 of the Lair of Beasts
 11915 | Lair:1   | Reached *** piety under Kikubaaqudgha
 11915 | Lair:1   | Received a gift from Kikubaaqudgha
 11916 | Lair:1   | Reached skill level 10 in Dodging
 12499 | Lair:1   | Reached skill level 9 in Summonings
 12501 | Lair:1   | Gained mutation: Your thick and shaggy fur keeps you warm.
                  | (AC +3, rC+) [Felid growth]
 12501 | Lair:1   | Reached XP level 12. HP: 34/64 MP: 15/24
 12501 | Lair:1   | Gained a life (2 lives remaining)
 13540 | D:6      | Bought the Compendium of Transmutation and Rallying for 392
                  | gold pieces
 13546 | D:6      | Learned a level 5 spell: Summon Mana Viper
 13673 | Lair:2   | Reached skill level 1 in Hexes
 14085 | Lair:2   | Reached **** piety under Kikubaaqudgha
 14225 | Lair:2   | Reached skill level 10 in Summonings
 14646 | Lair:2   | Found a staircase to the Swamp.
 14763 | Lair:3   | Learned a level 6 spell: Summon Cactus Giant
 14767 | Lair:3   | Reached skill level 5 in Hexes
 14887 | Lair:3   | Found a staircase to the Snake Pit.
 16022 | Lair:3   | Reached skill level 10 in Fighting
 16574 | Lair:4   | Noticed a six-headed hydra
 16766 | Lair:4   | Killed a six-headed hydra
 16767 | Lair:4   | Reached skill level 10 in Spellcasting
 16887 | Lair:4   | Reached skill level 1 in Necromancy
 16887 | Lair:4   | Reached XP level 13. HP: 30/72 MP: 18/28
 17733 | Lair:5   | Entered Level 5 of the Lair of Beasts
 17733 | Lair:5   | Found a staircase to the Slime Pits.
 17733 | Lair:5   | Found a viscous altar of Jiyva.
 18181 | Lair:5   | Reached ***** piety under Kikubaaqudgha
 18332 | Lair:5   | Reached skill level 5 in Necromancy
 18531 | Lair:5   | Identified the +9 rapier of Jiemoroi {flame, rPois rC- rN+
                  | Str+2}
 18973 | Lair:5   | Reached skill level 11 in Summonings
 19809 | Lair:5   | Noticed a dire elephant
 19836 | Lair:5   | Killed a dire elephant
 19929 | Lair:5   | Identified the ring of Cifif {rN+ Str+6}
 20359 | D:10     | Learned a level 4 spell: Anguish
 20360 | Orc:1    | Entered Level 1 of the Orcish Mines
 21722 | Orc:2    | Entered Level 2 of the Orcish Mines
 21989 | Orc:2    | Found a staircase to the Elven Halls.
 22317 | Orc:2    | Reached XP level 14. HP: 77/77 MP: 26/29
 22494 | Orc:2    | Paralysed by an orc sorcerer for 2 turns
 22495 | Orc:2    | HP: 2/77 [spore (27)]
 22654 | Orc:2    | Found an ancient bone altar of Kikubaaqudgha.
 22904 | Orc:2    | Reached skill level 12 in Summonings
 23301 | Orc:2    | Reached ****** piety under Kikubaaqudgha
 23588 | Orc:2    | Found Luyduaq's Book Shoppe.
 23823 | Orc:2    | Reached skill level 10 in Necromancy
 24167 | Orc:2    | Noticed Erolcha
 24185 | Orc:2    | Killed Erolcha
 24430 | Orc:2    | Found a radiant altar of Vehumet.
 24458 | Orc:2    | Found Jiciedwa's Book Emporium.
 24458 | Orc:2    | Found Dytel's Distillery.
 24465 | Orc:2    | Found Cedoux's Antique Armour Shoppe.
 24517 | Orc:2    | Bought a potion of curing for 42 gold pieces
 24517 | Orc:2    | Bought a potion of cancellation for 112 gold pieces
 24577 | Orc:2    | Bought a Grand Grimoire for 442 gold pieces
 24578 | Orc:2    | Received a gift from Kikubaaqudgha (forbidden knowledge)
 24746 | D:12     | Noticed Azrael
 24766 | D:12     | Killed Nessos
 24791 | D:12     | Killed Azrael
 24842 | D:12     | Noticed Lodul
 25129 | D:12     | Reached skill level 5 in Translocations
 25454 | D:12     | Killed Lodul
 26312 | D:13     | HP: 1/77 [centaur warrior/arrow (25)]
 26316 | D:13     | Slain by a cyan ugly thing
 26316 | D:13     | Lost a life (1 life remaining)
 26321 | D:13     | Reached skill level 13 in Summonings
 27769 | D:12     | HP: 1/77 [burnt (11)]
 27772 | D:12     | Incinerated by a deep elf pyromancer
 27772 | D:12     | Lost a life (0 lives remaining)
 28209 | D:13     | Found a gate to the Vaults.
 29182 | D:14     | Noticed Kirke
 29836 | D:14     | Noticed Louise
 29857 | D:14     | Killed Louise
 29858 | D:14     | Reached XP level 15. HP: 80/80 MP: 24/30
 29858 | D:14     | Gained a life (1 life remaining)
 30087 | D:14     | Killed Kirke
 31499 | D:14     | Reached skill level 10 in Translocations
 31972 | D:14     | Reached skill level 14 in Summonings
 32682 | D:15     | Entered Level 15 of the Dungeon
 32723 | D:15     | Found a staircase to the Depths.
 32723 | D:15     | Noticed a fire giant
 32769 | D:15     | Killed a fire giant
 32959 | D:15     | Identified the +4 leather armour of the Moon Troll
                  | {*Corrode rPois Int-5 Dex+8}
 33193 | D:15     | Found a broken altar of Ashenzari.
 33767 | D:7      | Killed LobsterGuardian's ghost
 33961 | Snake:1  | Entered Level 1 of the Snake Pit
 34155 | Snake:1  | HP: 4/80 [naga mage/splash of poison (6)]
 34159 | Snake:1  | Killed from afar by a shock serpent
 34159 | Snake:1  | Lost a life (0 lives remaining)
 34312 | Orc:2    | Bought a book of the Wilderness for 532 gold pieces
 34318 | Orc:2    | Learned a level 5 spell: Summon Forest
 34384 | Elf:1    | Entered Level 1 of the Elven Halls
 34384 | Elf:1    | Noticed a deep elf sorcerer
 34384 | Elf:1    | Found a runed translucent gate.
 34384 | Elf:1    | Found a runed translucent gate.
 34384 | Elf:1    | Found a runed translucent gate.
 34384 | Elf:1    | Found a runed translucent gate.
 34384 | Elf:1    | Found a runed translucent gate.
 34384 | Elf:1    | Found a runed translucent gate.
 34388 | Elf:1    | Found a runed translucent door.
 34391 | Elf:1    | Found a runed translucent door.
 34404 | Elf:1    | Killed a deep elf sorcerer
 34609 | Elf:1    | Identified the +3 kite shield of Liberty {Rampage rElec
                  | rF++ Slay-6}
 34609 | Elf:1    | Noticed Asterion
 34621 | Elf:1    | Killed Asterion
 35078 | Elf:1    | Noticed Norris
 35083 | Elf:1    | Annihilated by Norris

Illustrated notes

Levels and vault maps discovered:
D:1:      scummos_arrival_simple_fountains, layout_rooms, minmay_distorted
D:2:      layout_basic, minmay_surrounded, uniq_natasha
D:3:      layout_loops_ring, nicolae_uskayaw_dance_hall, uniq_robin, uniq_pargi
D:4:      layout_basic, gammafunk_temple_overflow_claw, serial_undead,
          serial_undead_c, serial_undead_d, serial_undead_a, serial_undead_b,
          uniq_sigmund
D:5:      layout_rooms, nicolae_qazlal_style_of_elements, kennysheep_little_box
D:6:      layout_basic, lemuel_doored_altar, minmay_temple_entry_grid,
          serial_shops, nicolae_shop_behind_doors
D:7:      layout_basic, old_standard_altar, nicolae_ru_path_of_blood,
          gammafunk_ghost_wrathful_warriors, uniq_duvessa
D:8:      layout_basic
D:9:      layout_loops_cross, cheibrodos_worm_habitat,
          mainiacjoe_overflow_catwalk_spiral, mainiacjoe_overflow_tiny_flanked,
          serial_shops, shop
D:10:     layout_big_octagon, minmay_lair_entry_grove, orc_david_3
D:11:     layout_basic, nicolae_trove_entry_crystal, serial_shops, shop,
          gauntlet_entry_generic, hex_large, minmay_misc_feat_more_columns
D:12:     layout_irregular_city, uniq_nessos, uniq_azrael, uniq_lodul
D:13:     layout_cave_pools, lightli_vaults_fourway_checkpoint,
          portal_ice_cave_entry_imps, minmay_crystal_water
D:14:     layout_irregular_city, uniq_kirke, uniq_louise
D:15:     grunt_enter_depths_giant_problem, layout_basic, chequers_jeans,
          ashenzari_conservatory_becter
Temple:   jpeg_temple_island
Lair:1:   layout_loops_ring
Lair:2:   layout_long_grid, nicolae_swamp_entry_splash_gauntlet
Lair:3:   layout_roguey, minmay_snake_entry_guardpost_small, enter_volcano_4,
          nicolae_quartered_pool_medium, kilobyte_rumbling_trees
Lair:4:   layout_loops_ring, st_stairs_7
Lair:5:   grunt_lair_end_beastmaster, layout_loops_ring,
          nicolae_slime_entry_field_trip
Snake:1:  layout_misc_corridors, uniq_aizul
Orc:1:    layout_diamond_mine
Orc:2:    kennysheep_orc_mage_school, layout_caves,
          regret_index_minedec_guest_junction
Elf:1:    nicolae_elf_arrival_dilemma, layout_geoelf_grid, evilmike_minifort,
          minivault_14, minmay_elf_necromancy, uniq_roxanne, uniq_nikola,
          uniq_norris, uniq_asterion

Skill      XL: |  1  2  3  4  5  6  7  8  9 10 11 12 13 14 15 |
---------------+----------------------------------------------+-----
Stealth        | 3 4 5 6 7 8 9 10 | 10.0
Dodging        | 3 4 5 6 7 8 10 | 10.0
Fighting       | 1 2 3 4 5 6 8 10 | 10.0
Spellcasting   | 3 4 5 6 7 10 11 | 11.5
Fire Magic     | 1 3 4 5 |  5.0
Summonings     | 5 6 7 9 10 11 13 14 | 14.8
Air Magic      | 2 4 6 7 |  7.0
Translocations | 2 3 9 12 | 12.7
Hexes          | 5 |  5.0
Necromancy     | 1 9 10 | 10.2

Action                     |  1- 3 |  4- 6 |  7- 9 | 10-12 | 13-15 || total
---------------------------+-------+-------+-------+-------+-------++-------
  Melee: Unarmed           |    37 |    25 |    72 |   128 |   117 ||   379
         Bite              |     5 |     5 |     5 |    27 |    21 ||    63
         Punch             |     1 |       |     2 |       |     1 ||     4
   Cast: Summon Small Mamm |    30 |    23 |    25 |    14 |     9 ||   101
         Call Imp          |    12 |    12 |    16 |    20 |     7 ||    67
         Call Canine Famil |     7 |    10 |    14 |    27 |    22 ||    80
         Summon Blazeheart |       |     1 |    18 |    64 |   114 ||   197
         Summon Lightning  |       |       |    10 |    45 |    69 ||   124
         Summon Mana Viper |       |       |       |     6 |    17 ||    23
         Summon Cactus Gia |       |       |       |     2 |    11 ||    13
         Anguish           |       |       |       |       |   139 ||   139
         Blink             |       |       |       |       |     3 ||     3
         Summon Forest     |       |       |       |       |     1 ||     1
 Invoke: Receive Forbidden |       |       |       |       |     1 ||     1
  Evoke: Wand              |       |       |     2 |     3 |    15 ||    20
         Phantom mirror    |       |       |       |       |     1 ||     1
    Use: Scroll            |     1 |     8 |    10 |     5 |    17 ||    41
         Potion            |       |       |       |     2 |    16 ||    18
   Stab: Sleeping          |     3 |     5 |     4 |     7 |     9 ||    28
         Distracted        |       |       |     2 |     7 |     1 ||    10
         Invisible         |       |       |     2 |       |       ||     2
         Petrified         |       |       |       |       |     5 ||     5
 Armour: Skin              |    15 |     6 |    38 |    75 |   169 ||   303
  Dodge: Dodged            |    65 |    30 |   139 |   307 |   326 ||   867
